 Dungeon Crawl Stone Soup version 0.23.1 (webtiles) character file.

Game seed: 16408734883321278149

1780 Borgoz the Ducker (level 9, 0/73 (74) HPs)
             Began as a Ghoul Monk on Mar 18, 2019.
             Was a Priest of Ashenzari.
             Slain by an orc
             ... wielding a +0 hand axe
              (3 damage)
             ... on level 6 of the Dungeon.
             The game lasted 00:15:16 (6359 turns).

Borgoz the Ducker (Ghoul Monk)                      Turns: 6359, Time: 00:15:17

HP:   0/73 (74)     AC:  5    Str: 15    XL:     9   Next: 8%
MP:   8/8           EV: 15    Int:  6    God:    Ashenzari [***...]
Gold: 329           SH:  0    Dex: 13    Spells: 8/8 levels left

rFire    . . .     SeeInvis +   v - +0 short sword (protect)
rCold    + . .     Gourm    .   (no shield)
rNeg     + + +     Faith    .   x - +0 robe
rPois    ∞         Spirit   .   j - +2 hat
rElec    .         Reflect  .   h - +0 cloak
rCorr    +         Harm     .   (no gloves)
MR       .....                  (no boots)
Stlth    +++.......             (no amulet)
HPRegen  0.00/turn              r - ring of resist corrosion
MPRegen  0.11/turn              (no ring)

@: rotting
A: rotting body, claws 1, carnivore, cold resistance 1, negative energy
resistance 3, inhibited regeneration, torment resistance, unbreathing
a: Curse Item, Scrying, Renounce Religion


You were on level 6 of the Dungeon.
You worshipped Ashenzari.
Ashenzari was most pleased with you.
You were not hungry.

You visited 2 branches of the dungeon, and saw 7 of its levels.
You also visited: Sewer.

You collected 329 gold pieces.

Inventory:

Hand Weapons
 a - a +1 dagger of speed
 b - a +0 blowgun
 v - a +0 short sword of protection (weapon)
Missiles
 z - 25 poisoned needles
Armour
 h - a +0 cloak (worn)
 j - a +2 hat (worn)
 q - a cursed +0 shield
 x - a +0 robe (worn)
Jewellery
 i - an uncursed ring of ice
 r - a ring of resist corrosion (left claw)
Wands
 y - a wand of enslavement (10)
 D - a wand of disintegration (2)
 G - a wand of random effects (21)
Scrolls
 d - 3 scrolls of teleportation
 f - a scroll of fog
 g - 2 scrolls of enchant armour {unknown}
 l - 8 scrolls of remove curse
 m - 2 scrolls of amnesia {unknown}
 n - a scroll of blinking {unknown}
 o - 2 scrolls of magic mapping {unknown}
 u - 2 scrolls of noise {unknown}
 w - a scroll of fear {unknown}
 C - a scroll of immolation
Potions
 e - 2 potions of heal wounds
 p - a potion of magic
 s - 4 potions of curing
 t - a potion of invisibility
 A - 2 potions of haste
 B - 2 potions of brilliance {unknown}
 E - 3 potions of flight {unknown}
 F - a potion of cancellation
Comestibles
 c - 12 rations


   Skills:
 + Level 5.3 Fighting
 * Level 5.9 Short Blades
 * Level 5.0 Armour
 * Level 5.9 Dodging
 + Level 5.1 Stealth


You had 8 spell levels left.
You didn't know any spells.
Your spell library was empty.

Dungeon Overview and Level Annotations

Branches:
Dungeon (6/15)             Temple (1/1) D:6

Altars:
Ashenzari
Cheibriados
Dithmenos
Elyvilon
Fedhas
Hepliaklqana
Kikubaaqudgha
Makhleb
Nemelex Xobeh
Okawaru
Ru
Sif Muna
Trog
Uskayaw
Vehumet
Wu Jian
Xom
The Shining One


Innate Abilities, Weirdness & Mutations

Your body is rotting away.
You thrive on raw meat.
You are immune to poison.
You have sharp fingernails.
You are carnivorous and can eat meat at any time.
Your flesh is cold resistant. (rC+)
You are immune to negative energy. (rN+++)
You do not regenerate when monsters are visible.
You are immune to unholy pain and torment.
You can survive without breathing.


Message History

You barely miss the orc.
The orc is heavily wounded.
You barely miss the orc.
The orc is heavily wounded.
You barely miss the orc.
The orc is heavily wounded.
The orc misses you.
You hit the orc but do no damage.
The orc is heavily wounded.
You barely miss the orc.
The orc is heavily wounded.
The orc hits you with a +0 hand axe!
* * * LOW HITPOINT WARNING * * *
Okay, then.
Your +0 short sword of protection hums with potential!
v - a +0 short sword of protection (weapon)
You barely miss the orc.
The orc is heavily wounded.
The orc hits you with a +0 hand axe.
You die...

###........##.....#..............
#........................###.....
........###.........#....##....#.
.....##..#........###....##.).)##
.....##....##..#≈≈≈≈≈≈≈≈≈.##.#)##
.....##.........≈##≈≈≈##≈.##.#.).
##.........##...≈#######≈.#..###.
#.....##.##....≈≈#...#≈≈....###.
#......#..#....@oo..?#≈≈.....##.
#.........#....≈≈#)..#≈≈........
##..#..........≈#######≈#.......
#..##.........≈##≈≈≈##≈.......#
##..##.######.≈≈≈≈≈≈≈≈≈.......#
##......###.##.#.....#...)......
#....##>##...........#..........
##..###..............)........#.
#### #..................##<.###


You could see 2 orcs.

Vanquished Creatures
  Grinder (Sewer)
  A water moccasin (D:5)
  2 orc warriors (D:6)
  An ice beast (D:6)
  A phantom (D:6)
  A necrophage (Sewer)
  2 big kobolds (Sewer)
  A bullfrog (D:6)
  A scorpion (D:4)
  5 wights
  A jelly (D:6)
  A bullfrog skeleton (D:6)
  An orc priest (D:6)
  2 orc wizards (D:6)
  An iguana (D:6)
  2 worker ants
  A killer bee zombie (D:6)
  2 big kobold zombies (Sewer)
  A hound zombie (D:5)
  A worker ant zombie (D:6)
  Robin (D:3)
  8 adders
  2 river rats (D:6)
  3 shadow imps
  3 ufetubi (Sewer)
  An ooze (Sewer)
  5 worms
  5 dart slugs
  2 leopard geckos
  9 orcs
  5 giant cockroaches
  12 goblins
  15 hobgoblins
  6 jackals
  5 quokkas
  2 ball pythons
  5 bats
  4 frilled lizards
  27 kobolds
  3 kobold zombies (Sewer)
  A leopard gecko skeleton (D:4)
  A quokka skeleton (D:6)
  4 rats
158 creatures vanquished.

Notes
Turn   | Place    | Note
-------+----------+-------------------------------------------
     0 | D:1      | Borgoz the Ghoul Monk began the quest for the Orb.
     0 | D:1      | Reached XP level 1. HP: 19/19 MP: 0/0
   194 | D:1      | Found a shattered altar of Ashenzari.
   212 | D:1      | Became a worshipper of Ashenzari the Shackled
   212 | D:1      | Reached * piety under Ashenzari
   212 | D:1      | Reached ** piety under Ashenzari
   264 | D:1      | Reached XP level 2. HP: 26/26 MP: 1/1
   705 | D:2      | Reached XP level 3. HP: 29/31 MP: 2/2
   780 | D:2      | Reached skill level 1 in Armour
   911 | D:2      | Reached XP level 4. HP: 38/38 MP: 3/3
  1259 | D:3      | Noticed Robin
  1352 | D:3      | Killed Robin
  1441 | D:3      | Reached XP level 5. HP: 44/46 MP: 4/4
  1953 | D:3      | Found a deep blue altar of Sif Muna.
  2443 | D:4      | Found a bloodstained altar of Trog.
  2548 | D:4      | Reached XP level 6. HP: 3/52 MP: 5/5
  2898 | D:4      | Found a sacrificial altar of Ru.
  2918 | D:5      | Entered Level 5 of the Dungeon
  3065 | D:5      | Found a hide-covered altar of Uskayaw.
  3190 | D:5      | Noticed a water moccasin
  3324 | D:5      | Killed a water moccasin
  3658 | D:6      | Noticed a phantom
  3741 | D:6      | Killed a phantom
  3741 | D:6      | Reached XP level 7. HP: 14/57 MP: 6/6
  3905 | D:6      | Found a glowing drain.
  3916 | Sewer    | Entered a sewer
  4264 | Sewer    | Found an ancient bone altar of Kikubaaqudgha.
  4287 | Sewer    | Noticed Grinder
  4339 | Sewer    | Paralysed by Grinder for 6 turns
  4360 | Sewer    | Killed Grinder
  4360 | Sewer    | Reached XP level 8. HP: 51/67 MP: 7/7
  4372 | Sewer    | Reached skill level 5 in Short Blades
  4372 | Sewer    | Reached skill level 5 in Dodging
  4658 | D:6      | Reached *** piety under Ashenzari
  5413 | D:6      | Reached skill level 5 in Fighting
  5701 | D:6      | Found a staircase to the Ecumenical Temple.
  5879 | D:6      | Reached skill level 5 in Stealth
  5879 | D:6      | Reached XP level 9. HP: 41/74 MP: 8/8
  6068 | Temple   | Entered the Ecumenical Temple
  6333 | D:6      | Reached skill level 5 in Armour
  6357 | D:6      | HP: 3/73 [orc/+0 hand axe (7)]
  6359 | D:6      | Slain by an orc

Skill      XL: |  1  2  3  4  5  6  7  8  9 |
---------------+----------------------------+-----
Dodging        | 3 4 5 |  5.9
Short Blades   | 3 4 5 |  5.9
Armour         | 1 2 3 4 5 |  5.0
Stealth        | 3 4 5 |  5.1
Fighting       | 4 5 |  5.3

Action                   |  1- 3 |  4- 6 |  7- 9 || total
-------------------------+-------+-------+-------++-------
Melee: Short sword       |    63 |       |     1 ||    64
       Dagger            |    63 |   406 |   694 ||  1163
 Fire: Blowgun           |       |       |     2 ||     2
Evoke: Wand              |       |       |     5 ||     5
  Use: Potion            |     1 |     2 |     6 ||     9
       Scroll            |       |     9 |     1 ||    10
 Stab: Sleeping          |     4 |     6 |     2 ||    12
       Invisible         |     1 |       |       ||     1
  Eat: Chunk             |    13 |    11 |    25 ||    49
       Ration            |       |       |     1 ||     1
Armor: Robe              |    22 |    52 |    78 ||   152
Dodge: Dodged            |    69 |   143 |   352 ||   564
